 Dungeon Crawl Stone Soup version 0.18.1-6-gd335043 (webtiles) character file.

56 kae the Shooter (level 3, -2/24 HPs)
             Began as a High Elf Hunter on May 16, 2016.
             Slain by a gnoll
             ... wielding a +2 halberd of freezing
              (5 damage)
             ... on level 3 of the Dungeon.
             The game lasted 00:03:23 (2360 turns).

kae the Shooter (High Elf Hunter)                   Turns: 2360, Time: 00:03:23

Health: -2/24      AC:  8    Str: 11    XL:     3   Next: 69%
Magic:  4/4        EV: 12    Int: 15    God:
Gold:   48         SH:  0    Dex: 16    Spells: 0 memorised, 2 levels left

rFire  + . .     SeeInvis .     b - +0 short sword
rCold  + . .     Gourm    .     c - +0 leather armour
rNeg   . . .     Faith    .     (no shield)
rPois  +         Spirit   .     v - +1 helmet
rElec  +         Dismiss  .     n - +0 cloak
rCorr  +         Reflect  .     o - +0 pair of gloves
SustAt .         Harm     .     y - +0 pair of boots
MR     .....                    (no amulet)
Stlth  ++........               (no ring)
                                (no ring)

@: resistant, very slightly contaminated, hasted, very quick, not resistant to
hostile enchantments, unstealthy
A: no striking features
a: no special abilities


You were on level 3 of the Dungeon.
You were not hungry.

You visited 1 branch of the dungeon, and saw 3 of its levels.

You collected 48 gold pieces.

Inventory:

Hand Weapons
 a - a +2 shortbow
 b - a +0 short sword (weapon)
Missiles
 d - 81 arrows
Armour
 c - a +0 leather armour (worn)
 n - a +0 cloak (worn)
 o - a +0 pair of gloves (worn)
 v - a +1 helmet (worn)
 y - a +0 pair of boots (worn)
Scrolls
 h - a scroll of identify
 t - 3 scrolls of enchant weapon
Potions
 k - a potion of magic {unknown}
 m - a potion of agility {unknown}
 q - a potion of mutation {unknown}
 u - a potion of might {unknown}
 w - a potion of cure mutation {unknown}
 x - 2 potions of cancellation {unknown}
Comestibles
 f - 2 bread rations
 l - a slice of pizza
 p - a beef jerky
 z - 2 fruits
 A - a chunk of flesh


   Skills:
 - Level 2.0 Fighting
 + Level 7.2 Bows
 - Level 2.1 Dodging
 - Level 1.1 Stealth


You had 2 spell levels left.
You didn't know any spells.

Dungeon Overview and Level Annotations

Branches:
Dungeon (3/15)

Altars:
Sif Muna

Annotations:
D:3 Natasha


Message History

Read which item? (? for menu, Esc to quit)
Okay, then.
Drink which item? (? for menu, Esc to quit)
It was a potion of haste.
You feel yourself speed up.
The jackal barks!
Natasha claws you!
The jackal bites you but does no damage.
The jackal closely misses you.
The gnoll hits you from afar with a halberd of freezing!
* * * LOW HITPOINT WARNING * * *
The gnoll freezes you.
* * * LOW HITPOINT WARNING * * *
You are very lightly contaminated with residual magic.
Natasha casts a spell.
The jackal bites you but does no damage.
The bat hits you but does no damage. The jackal barely misses you.
The jackal bites you but does no damage.
You found a teleport trap!
The bat closely misses you.
The gnoll hits you from afar with a halberd of freezing.
You die...

#########++++######
...................
≈≈≈≈≈≈≈≈≈....≈≈≈≈≈≈
≈≈≈≈≈≈≈≈≈...^≈≈≈≈≈≈
≈≈≈≈≈≈≈≈≈!.@hb≈≈≈≈≈
........5hh........
.........ghhg.?....
#.#################


You could see Natasha, 2 gnolls, a white imp, 4 jackals and a bat.

Vanquished Creatures
  3 adders (D:2)
  An ooze (D:2)
  A dart slug (D:1)
  2 giant geckos (D:1)
  A ball python (D:1)
  A giant cockroach (D:2)
  4 goblins
  A hobgoblin (D:1)
  A kobold (D:1)
  A quokka (D:2)
  3 bats
  A giant newt (D:1)
  2 rats (D:1)
22 creatures vanquished.

Notes
Turn   | Place    | Note
--------------------------------------------------------------
     0 | D:1      | kae the High Elf Hunter began the quest for the Orb.
     0 | D:1      | Reached XP level 1. HP: 14/14 MP: 2/2
   223 | D:1      | You fall through a shaft!
   442 | D:1      | Reached XP level 2. HP: 17/19 MP: 3/3
   605 | D:1      | Reached skill level 6 in Bows
  1499 | D:2      | Found a deep blue altar of Sif Muna.
  1553 | D:2      | Reached XP level 3. HP: 17/24 MP: 4/4
  1987 | D:2      | Reached skill level 7 in Bows
  2353 | D:3      | Noticed Natasha
  2360 | D:3      | Slain by a gnoll

Skill      XL: |  1  2  3 |
---------------+----------+-----
Bows           | 6 7 |  7.2
Fighting       | |  2.0
Dodging        | |  2.1
Stealth        | |  1.1

Action                   || total
-------------------------++-------
Melee: Short sword       ||    78
 Fire: Shortbow          ||     7
  Use: Scroll            ||     6
       Potion            ||     2
 Stab: Sleeping          ||     1
  Eat: Chunk             ||     4
Armor: Leather armour    ||    28
Dodge: Dodged            ||    66
